 Dungeon Crawl Stone Soup version 0.23-a0-4-g8f018a2 (webtiles) character file.

17140 galech the Cleaver (level 12, -1/110 HPs)
             Began as a Deep Dwarf Fighter on July 31, 2018.
             Was a High Priest of Makhleb.
             Killed from afar by an orc wizard (7 damage)
             ... with a magic dart
             ... on level 2 of the Orcish Mines.
             The game lasted 00:21:17 (10501 turns).

galech the Cleaver (Deep Dwarf Fighter)            Turns: 10501, Time: 00:21:18

Health: -1/110     AC: 13    Str: 19    XL:     12   Next: 16%
Magic:  7/7        EV: 12    Int: 11    God:    Makhleb [*****.]
Gold:   589        SH:  0    Dex: 16    Spells: 11/11 levels left

rFire    . . .     SeeInvis .   D - +2 war axe (elec)
rCold    . . .     Gourm    .   c - +0 shield
rNeg     . . .     Faith    .   b - +0 scale mail
rPois    .         Spirit   .   p - +0 helmet
rElec    .         Reflect  .   u - +0 cloak
rCorr    +         Harm     .   E - +0 pair of gloves
MR       +....                  w - +0 pair of boots
Stlth    ..........             (no amulet)
HPRegen  0.00/turn              H - ring of resist corrosion
MPRegen  0.10/turn              J - +3 ring of slaying

@: confused, non-regenerating, drained
A: damage resistance, heal wounds, sense surroundings 2, no regeneration
a: Heal Wounds, Minor Destruction, Lesser Servant of Makhleb, Major Destruction,
Greater Servant of Makhleb, Renounce Religion


You were on level 2 of the Orcish Mines.
You worshipped Makhleb.
Makhleb was extremely pleased with you.
You were not hungry.

You visited 3 branches of the dungeon, and saw 14 of its levels.

You collected 1085 gold pieces.
You spent 496 gold pieces at shops.

Inventory:

Hand Weapons
 D - a +2 war axe of electrocution (weapon)
Armour
 b - a +0 scale mail (worn)
 c - a +0 shield (worn)
 p - a +0 helmet (worn)
 u - a +0 cloak (worn)
 w - a +0 pair of boots (worn)
 E - a +0 pair of gloves (worn)
Jewellery
 z - an uncursed ring of magical power
 A - a +3 ring of intelligence
 H - a ring of resist corrosion (left hand)
 J - a +3 ring of slaying (right hand)
 M - an uncursed ring of flight
Wands
 a - a wand of scattershot (13)
 k - a wand of digging (10)
 y - a wand of polymorph (26)
 I - a wand of flame (25)
Scrolls
 e - 4 scrolls of amnesia
 i - a scroll of fog
 l - a scroll of identify
 o - 3 scrolls of enchant armour
 q - 7 scrolls of teleportation
 r - 3 scrolls of remove curse
 s - a scroll of magic mapping
 t - 4 scrolls of enchant weapon
 v - 2 scrolls of fear
 B - a scroll of blinking
 F - a scroll of silence
 G - a scroll of noise
 L - 2 scrolls of brand weapon {unknown}
Potions
 d - 2 potions of might
 g - 5 potions of degeneration
 h - 2 potions of flight
 j - a potion of haste {unknown}
 m - a potion of invisibility {unknown}
 n - 2 potions of lignification {unknown}
 x - 2 potions of agility {unknown}
 C - 3 potions of curing
 K - 6 potions of heal wounds
 N - a potion of berserk rage
Comestibles
 f - 25 rations
 O - 19 chunks of flesh


   Skills:
 + Level 8.1(7.6) Fighting
 + Level 14.5(13.9) Axes
 + Level 8.7(8.2) Armour
 + Level 6.0(5.6) Dodging
 + Level 1.9(1.5) Stealth
 + Level 9.2(8.7) Shields


You had 11 spell levels left.
You didn't know any spells.
Your spell library contained the following spells:

 Spells                   Type           Power        Failure   Level  Hunger
 Magic Dart               Conj           #...         90%         1    ##.....
 Fireball                 Conj/Fire      #.........   100%        5    ######.
 Conjure Flame            Conj/Fire      #.......     99%         3    ####...
 Bolt of Fire             Conj/Fire      #.........   100%        6    #######
 Slow                     Hex            #.......     97%         2    ###....
 Confuse                  Hex            #.......     99%         3    ####...
 Mephitic Cloud           Conj/Pois/Air  #.......     99%         3    ####...
 Ring of Flames           Chrm/Fire      #.........   100%        7    #######
 Blink                    Tloc           N/A          97%         2    ###....
 Call Imp                 Summ           #.......     97%         2    ###....
 Stone Arrow              Conj/Erth      #.....       99%         3    ####...
 Confusing Touch          Hex            #.....       90%         1    ##.....
 Passwall                 Tmut/Erth      #.......     97%         2    ###....
 Ignite Poison            Fire/Tmut/Pois #.......     99%         3    ####...
 Metabolic Englaciation   Hex/Ice        #.........   100%        5    ######.
 Lee's Rapid Deconstruct  Erth           #.........   100%        5    ######.
 Sandblast                Erth           #.....       90%         1    ##.....
 Petrify                  Tmut/Erth      #.......     100%        4    #####..
 Gell's Gravitas          Tloc           #.........   99%         3    ####...
 Yara's Violent Unravell  Hex/Tmut       #.........   100%        5    ######.
 Ignition                 Fire           #.........   100%        8    #######


Dungeon Overview and Level Annotations

Branches:
Dungeon (11/15)            Temple (1/1) D:7            Lair (0/6) D:10
    Orc (2/2) D:11            Elf (0/3) Orc:2

Altars:
Ashenzari
Cheibriados
Dithmenos
Elyvilon
Fedhas
Gozag
Hepliaklqana
Kikubaaqudgha
Makhleb
Okawaru
Qazlal
Ru
Sif Muna
Trog
Uskayaw
Vehumet
Wu Jian
Xom
Yredelemnul
Zin
The Shining One

Shops:
D:11 !


Innate Abilities, Weirdness & Mutations

You are resistant to damage.
You can heal yourself by infusing magical energy.
You passively map the area around you.
You do not regenerate.


Message History

A hell hound comes into view.
You hear a shout!
The orc priest shouts!
You are too injured to fight recklessly!
You're too confused to move!
You hear a shout!
The orc wizard hits you but does no damage.
The orc warrior hits you with a glaive!!
An orc comes into view. It is wielding a flail.
The orc priest calls down the wrath of Beogh upon you.
Beogh smites you!
* * * LOW HITPOINT WARNING * * *
The ynoxinul gestures.
The orc barely misses you.
The orc warrior hits you from afar with a glaive of freezing!!
* * * LOW HITPOINT WARNING * * *
The orc warrior freezes you!
* * * LOW HITPOINT WARNING * * *
The orc wizard points at you and mumbles some strange words.
The magic dart hits you!
You die...

#.................# *,, ,
, ..............#.#.# * *
...........#.....##
............#.....#*####
............#.....#..Eh§
,
#.....#.#.......#.#.....,
,
#......####.(..#.hoh.5.3
, , ##.#..>##
#...$.oooh.... ,,, ,
####...# ##....@o.oooo5
,, , ##.## #...){oo.....
, , ### #...##.......o
##.####.#...o. , ###
.#....o,, , ## #### , **
* ,, * * , ,,, ,, ,


You could see an orc high priest, a fire elemental, a ynoxinul, an orc sorcerer,
4 orc warriors, 4 hell hounds, 4 orc priests, an orc wizard, 3 orcs and 2
ufetubi.

Vanquished Creatures
  A dancing weapon (D:7)
  A two-headed ogre (D:10)
  A deep elf mage (D:11)
  2 orc knights (Orc:1)
  Pikel (D:5)
  An orc sorcerer (Orc:2)
  The ghost of iamserjio the Chiller, a novice DEIE of Vehumet (D:7)
  An oklob plant (D:10)
  A cyclops (D:11)
  A manticore (D:11)
  A gargoyle (D:10)
  2 trolls
  Grinder (D:5)
  The ghost of Johnny the Digger, an amateur HuEE (D:5)
  2 hippogriffs
  A spriggan (D:7)
  2 wyverns
  9 yaks (D:10)
  2 wraiths (D:11)
  A warg (Orc:1)
  3 vampire mosquitoes (D:11)
  A water moccasin (D:5)
  Edmund (D:6)
  9 orc warriors
  4 ice beasts
  A black bear (D:9)
  A phantom (D:10)
  A sky beast (D:8)
  15 centaurs
  3 ogres
  A big kobold (D:11)
  8 bullfrogs
  A wyvern skeleton (D:9)
  12 killer bees
  21 wights
  7 howler monkeys
  3 bullfrog zombies
  A jelly (D:6)
  6 crimson imps
  A quasit (D:8)
  6 hounds
  2 bullfrog skeletons
  10 orc priests
  A gnoll shaman (D:5)
  Crazy Yiuf (D:2)
  4 centaur skeletons
  5 iguanas
  20 orc wizards
  10 worker ants
  3 hound skeletons
  A howler monkey zombie (D:7)
  A worker ant zombie (D:10)
  10 adders
  12 gnolls
  A shadow imp (D:10)
  An ooze (D:1)
  An adder skeleton (D:3)
  2 worms (D:2)
  3 leopard geckos
  58 orcs
  15 giant cockroaches
  15 goblins
  12 hobgoblins
  2 jackals (D:6)
  6 quokkas
  A ball python (D:1)
  7 bats
  9 frilled lizards
  12 kobolds
  11 rats
  A plant (D:10)
376 creatures vanquished.

Vanquished Creatures (others)
  An ogre (D:5)
1 creature vanquished.

Grand Total: 377 creatures vanquished

Notes
Turn   | Place    | Note
-------+----------+-------------------------------------------
     0 | D:1      | galech the Deep Dwarf Fighter began the quest for the Orb.
     0 | D:1      | Reached XP level 1. HP: 20/20 MP: 1/1
   100 | D:1      | Reached XP level 2. HP: 21/27 MP: 2/2
   404 | D:1      | Reached XP level 3. HP: 12/33 MP: 3/3
   971 | D:2      | Found a runed door.
  1013 | D:2      | Reached skill level 3 in Axes
  1246 | D:2      | Reached XP level 4. HP: 9/42 MP: 3/3
  1246 | D:2      | HP: 1/42 [hobgoblin (2)]
  1261 | D:2      | HP: 2/42 [gnoll/whip (6)]
  1476 | D:3      | Found an ornate altar of the Wu Jian Council.
  1535 | D:3      | Found an ancient bone altar of Kikubaaqudgha.
  1566 | D:3      | Reached skill level 1 in Dodging
  1625 | D:3      | Reached XP level 5. HP: 23/49 MP: 4/4
  1824 | D:3      | Reached skill level 4 in Axes
  2361 | D:4      | Found a sacrificial altar of Ru.
  2372 | D:4      | Found a shadowy altar of Dithmenos.
  2450 | D:4      | Reached XP level 6. HP: 24/56 MP: 5/5
  2577 | D:4      | Found a shattered altar of Ashenzari.
  2624 | D:4      | Reached skill level 5 in Axes
  2657 | D:4      | Reached XP level 7. HP: 38/62 MP: 6/6
  2745 | D:4      | Found a hazy altar of Hepliaklqana.
  3121 | D:5      | Entered Level 5 of the Dungeon
  3148 | D:5      | Noticed Grinder
  3152 | D:5      | Paralysed by Grinder for 5 turns
  3163 | D:5      | Paralysed by Grinder for 3 turns
  3171 | D:5      | Paralysed by Grinder for 3 turns
  3176 | D:5      | Killed Grinder
  3176 | D:5      | Reached skill level 6 in Axes
  3176 | D:5      | Reached skill level 5 in Armour
  3342 | D:5      | Found a blossoming altar of Fedhas.
  3634 | D:5      | Found a white marble altar of Elyvilon.
  3653 | D:5      | Reached skill level 7 in Axes
  3683 | D:5      | Reached XP level 8. HP: 28/72 MP: 7/7
  4044 | D:5      | Found a basalt altar of Yredelemnul.
  4179 | D:5      | Noticed Pikel
  4196 | D:5      | Killed Pikel
  4196 | D:5      | Reached skill level 8 in Axes
  4196 | D:5      | Reached skill level 5 in Shields
  4264 | D:5      | Found an opulent altar of Gozag.
  4288 | D:5      | Found a runed door.
  4290 | D:5      | Noticed Johnny's ghost (amateur HuEE)
  4501 | D:2      | Noticed Crazy Yiuf
  4505 | D:2      | Killed Crazy Yiuf
  4723 | D:6      | Gained mutation: You passively map the area around you. [Deep Dwarf growth]
  4723 | D:6      | Reached XP level 9. HP: 49/79 MP: 7/7
  4751 | D:6      | Found a shadowy altar of Dithmenos.
  4772 | D:6      | Got an encrusted dagger
  4773 | D:6      | Identified the +5 dagger "Xinic" {pierce, *Noise MP+9 Str+4 Dex+4} (You found it on level 6 of the Dungeon)
  4953 | D:6      | Reached skill level 9 in Axes
  5231 | D:6      | Noticed Edmund
  5232 | D:6      | Found an iron altar of Okawaru.
  5252 | D:6      | Killed Edmund
  5392 | D:7      | Reached skill level 5 in Fighting
  5437 | D:7      | Found a runed door.
  5437 | D:7      | Found a shimmering altar of Xom.
  5437 | D:7      | Noticed a dagger of chaos
  5437 | D:7      | Noticed iamserjio's ghost (novice DEIE)
  5803 | D:7      | Reached skill level 10 in Axes
  5803 | D:7      | Reached skill level 1 in Stealth
  5854 | D:7      | Found a staircase to the Ecumenical Temple.
  5886 | Temple   | Entered the Ecumenical Temple
  5939 | Temple   | Became a worshipper of Makhleb the Destroyer
  6128 | D:7      | Found a shattered altar of Ashenzari.
  6480 | D:8      | Reached XP level 10. HP: 51/91 MP: 5/5
  6534 | D:8      | Found a deep blue altar of Sif Muna.
  6582 | D:8      | Found a bloodstained altar of Trog.
  6605 | D:8      | Reached * piety under Makhleb
  6812 | D:8      | Found a glowing golden altar of the Shining One.
  6991 | D:8      | Got a ripped robe
  7002 | D:8      | Identified the cursed +1 robe "Bigeis" {rElec} (You found it on level 8 of the Dungeon)
  7072 | D:8      | Reached skill level 11 in Axes
  7219 | D:9      | Reached ** piety under Makhleb
  7666 | D:9      | Reached skill level 5 in Dodging
  8013 | D:10     | Entered Level 10 of the Dungeon
  8074 | D:10     | Reached skill level 12 in Axes
  8314 | D:10     | Reached *** piety under Makhleb
  8330 | D:10     | Reached XP level 11. HP: 87/99 MP: 6/6
  8398 | D:10     | Found a staircase to the Lair.
  8402 | D:10     | Noticed an oklob plant
  8410 | D:10     | Killed an oklob plant
  8634 | D:10     | Noticed a two-headed ogre
  8645 | D:10     | Killed a two-headed ogre
  8645 | D:10     | Reached skill level 13 in Axes
  8916 | D:11     | Noticed a deep elf mage
  9064 | D:11     | Killed a deep elf mage
  9175 | D:11     | Reached **** piety under Makhleb
  9226 | D:11     | Found Biemno Iriji's Distillery.
  9229 | D:11     | Bought a potion of heal wounds for 80 gold pieces
  9229 | D:11     | Bought a potion of berserk rage for 80 gold pieces
  9229 | D:11     | Bought a potion of curing for 48 gold pieces
  9229 | D:11     | Bought a potion of curing for 48 gold pieces
  9229 | D:11     | Bought a potion of heal wounds for 80 gold pieces
  9229 | D:11     | Bought 2 potions of heal wounds for 160 gold pieces
  9676 | D:11     | Found a staircase to the Orcish Mines.
  9903 | D:5      | Killed Johnny's ghost
 10032 | D:7      | Killed a dagger of chaos
 10032 | D:7      | Reached skill level 14 in Axes
 10035 | D:7      | Killed iamserjio's ghost
 10152 | Orc:1    | Entered Level 1 of the Orcish Mines
 10162 | Orc:1    | Noticed an orc knight
 10180 | Orc:1    | Killed an orc knight
 10180 | Orc:1    | Reached XP level 12. HP: 61/110 MP: 7/7
 10304 | Orc:2    | Entered Level 2 of the Orcish Mines
 10469 | Orc:2    | Found a staircase to the Elven Halls.
 10495 | Orc:2    | Noticed an orc high priest
 10497 | Orc:2    | Reached ***** piety under Makhleb
 10501 | Orc:2    | Killed from afar by an orc wizard

Vault maps used:
D:1:      sevenhm_arrival_forest_fort_large_2, hangedman_decor_growths
D:2:      uniq_crazy_yiuf_cottage
D:3:      minmay_roachtagon, kiku_gazebo_garden_becter,
          nicolae_overflow_hidden_temple, minmay_joined_circles
D:4:      kennysheep_little_box, lemuel_doored_altar, lemuel_crystal_altar,
          first_ration, nicolae_ashenzari_panopticon
D:5:      nicolae_gozag_cash_rules_everything_around_me,
          lemuel_coloured_pillars_altar, kennysheep_ying_yang,
          ebering_ghost_inner_flame, uniq_pikel, uniq_grinder
D:6:      okawaru_altar_gauntlet_db, grunt_dithmenos_smoke_and_mirrors,
          uniq_edmund
D:7:      nicolae_whirlpool, temple_statues, ebering_ghost_xom, basic_altar,
          the_bakery
D:8:      nicolae_overflow_crystal_walls, kennysheep_mini, trog_hazing_becter
D:10:     dpeg_oklobed_lair
D:11:     orc_0_dummy, serial_shops, nicolae_shop_behind_doors
Temple:   compressed_dpeg_circular_temple
Orc:2:    st_orc_congregation, basic_altar, uniq_maurice, uniq_azrael

Skill      XL: |  1  2  3  4  5  6  7  8  9 10 11 12 |
---------------+-------------------------------------+-----
Fighting       | 3 4 5 6 7 8 |  8.1
Axes           | 3 4 5 7 8 10 12 14 | 14.5
Armour         | 4 5 6 7 8 |  8.7
Shields        | 4 5 7 8 9 |  9.2
Dodging        | 1 2 3 4 5 6 |  6.0
Stealth        | 1 |  1.9

Action                   |  1- 3 |  4- 6 |  7- 9 | 10-12 || total
-------------------------+-------+-------+-------+-------++-------
Melee: War axe           |   144 |   233 |   331 |   450 ||  1158
 Abil: Heal Wounds       |     1 |     8 |    10 |     5 ||    24
  Use: Scroll            |       |     4 |     4 |     7 ||    15
       Potion            |       |       |     1 |     1 ||     2
  Eat: Chunk             |     1 |     5 |    13 |    14 ||    33
Armor: Scale mail        |    51 |   119 |   130 |   141 ||   441
Dodge: Dodged            |    40 |    63 |   147 |   194 ||   444
Block: Shield            |    82 |   124 |   199 |   243 ||   648

Table legend:
 A = Spawn XP
 B = Non-spawn XP
 C = Spawn XP percentage of total XP
 D = Spawn monster count
 E = Non-spawn monster count
 F = Spawn count percentage of total count
 G = Total turns spent on level
                    A         B        C        D         E        F      G
               +---------+---------+-------+---------+---------+-------+---------
         Total |       0 |   24486 |   0.0 |       0 |     375 |   0.0 | 10501
               +---------+---------+-------+---------+---------+-------+---------
           D:1 |       0 |      59 |   0.0 |       0 |      27 |   0.0 |   864
           D:2 |       0 |     142 |   0.0 |       0 |      21 |   0.0 |   683
           D:3 |       0 |     215 |   0.0 |       0 |      40 |   0.0 |   882
           D:4 |       0 |     453 |   0.0 |       0 |      23 |   0.0 |  1153
           D:5 |       0 |    1787 |   0.0 |       0 |      18 |   0.0 |  1065
           D:6 |       0 |    1265 |   0.0 |       0 |      34 |   0.0 |   883
           D:7 |       0 |    2954 |   0.0 |       0 |      28 |   0.0 |  1094
           D:8 |       0 |    1607 |   0.0 |       0 |      33 |   0.0 |   791
           D:9 |       0 |    2064 |   0.0 |       0 |      41 |   0.0 |   904
          D:10 |       0 |    5623 |   0.0 |       0 |      36 |   0.0 |  1042
          D:11 |       0 |    4971 |   0.0 |       0 |      40 |   0.0 |   728
         Orc:1 |       0 |    2470 |   0.0 |       0 |      21 |   0.0 |   200
         Orc:2 |       0 |     876 |   0.0 |       0 |      13 |   0.0 |   149
               +---------+---------+-------+---------+---------+-------+---------
